AoeStats
← hugo-etienne

Black Forest

506946051Analyzed
4v4 RM · 17d ago on Sep 15, 2026· 49m 17s· 8 players
Game mode
Random Map
Map size
Large (8 player)
Population
200
Speed
Normal
Resources
Standard
Victory
Conquest
Starting age
Dark Age
Ending age
Imperial Age
RankedLock teamsTeams togetherTeam positionsShared explorationLock speedFull tech treeHidden civsTurbo modeCheats
Victory
Defeat
🇬🇧 Vietnamese · United Kingdom
998
+13
🇨🇱 Bohemians · Chile
915
+16
🇦🇷 Huns · Argentina
899
+17
🇺🇸 Khmer · United States
868
+18
🇺🇦 Slavs · Ukraine
972
-18
🇦🇷 Khmer · Argentina
916
-16
🇩🇰 Celts · Denmark
915
-16
🇫🇷 Burgundians · France
860
-30
nilsS
0:26 Loom
10:53 Feudal Age
17:28 Castle Age
15:41 Stone Mining
15:37 Double-Bit Axe
15:33 Horse Collar
16:05 Gold Mining
18:35 Bow Saw
18:59 Heavy Plow
19:43 Wheelbarrow
24:14 Gold Shaft Mining
24:15 Stone Shaft Mining
26:19 Hand Cart
26:58 Tusk Swords
27:43 Bloodlines
27:33 Husbandry
32:04 Imperial Age
29:51 Caravan
30:40 Scale Barding Armor
30:28 Fletching
32:12 Bodkin Arrow
32:27 Forging
33:34 Conscription
33:20 Double Crossbow
33:52 Bracer
34:55 Chemistry
34:16 Ballistics
34:30 Elite Ballista Elephant
35:40 Chain Barding Armor
35:54 Elite Battle Elephant
37:44 Plate Barding Armor
38:36 Crop Rotation
hugo-etienne
1:32 Wheelbarrow
8:23 Double-Bit Axe
9:48 Loom
12:55 Gold Mining
12:53 Horse Collar
13:07 Stone Mining
20:58 Feudal Age
22:07 Hand Cart
21:38 Town Watch
23:28 Gold Shaft Mining
23:28 Stone Shaft Mining
22:57 Heavy Plow
23:11 Bow Saw
23:02 Arson
25:11 Padded Archer Armor
25:12 Scale Mail Armor
25:17 Scale Barding Armor
25:23 Forging
25:04 Fletching
25:58 Caravan
30:41 Castle Age
32:43 Town Patrol
34:31 Chain Barding Armor
34:26 Chain Mail Armor
34:27 Leather Archer Armor
34:08 Bodkin Arrow
34:48 Iron Casting
34:44 Pikeman
35:25 Squires
34:51 Cavalier
35:32 Husbandry
34:53 Light Cavalry
35:49 Burgundian Vineyards
35:38 Treadmill Crane
36:09 Masonry
TaniaTequilaFromDushanbe
0:28 Loom
13:40 Feudal Age
14:38 Double-Bit Axe
15:08 Town Watch
17:38 Horse Collar
23:18 Castle Age
22:33 Bloodlines
22:33 Scale Barding Armor
25:27 Husbandry
25:50 Chain Barding Armor
25:42 Forging
25:37 Stone Mining
26:00 Gold Mining
27:28 Squires
29:19 Detinets
30:20 Wheelbarrow
29:56 Pikeman
31:15 Heavy Plow
31:42 Scale Mail Armor
33:10 Iron Casting
32:27 Fletching
33:53 Chain Mail Armor
34:45 Bow Saw
34:54 Hand Cart
38:52 Imperial Age
36:31 Bodkin Arrow
37:45 Masonry
37:46 Fortified Wall
37:57 Ballistics
38:58 Murder Holes
39:47 Gold Shaft Mining
39:59 Conscription
40:19 Crop Rotation
40:27 Hoardings
40:56 Two-Man Saw
40:04 Siege Engineers
39:35 Halberdier
41:23 Heavy Scorpion
43:17 Blast Furnace
43:55 Plate Barding Armor
45:06 Chemistry
45:51 Elite Boyar
Like_2_win2
0:35 Loom
13:18 Feudal Age
14:22 Double-Bit Axe
15:52 Wheelbarrow
16:16 Gold Mining
17:57 Horse Collar
22:04 Castle Age
23:03 Hand Cart
23:38 Bow Saw
27:01 Caravan
27:57 Heavy Plow
28:06 Stone Mining
29:20 Gold Shaft Mining
36:27 Imperial Age
37:19 Onager
39:10 Siege Onager
40:59 Forging
41:04 Padded Archer Armor
42:13 Chemistry
41:07 Fletching
43:30 Siege Onager
45:25 Iron Casting
47:46 Blast Furnace
Williamjason007
0:56 Loom
15:55 Feudal Age
16:08 Feudal Age
21:37 Castle Age
21:06 Double-Bit Axe
21:04 Horse Collar
21:21 Stone Mining
21:43 Gold Mining
26:18 Heavy Plow
34:01 Imperial Age
32:18 Forging
32:13 Scale Barding Armor
32:27 Bloodlines
32:18 Husbandry
34:20 Iron Casting
34:05 Chain Barding Armor
34:38 Ballistics
36:56 Plate Barding Armor
36:18 Elite Ballista Elephant
38:44 Blast Furnace
39:01 Double Crossbow
38:36 Light Cavalry
41:44 Hussar
SomnolentDuke13
2:56 Loom
14:02 Feudal Age
18:21 Castle Age
17:22 Double-Bit Axe
17:21 Horse Collar
20:22 Bow Saw
20:55 Wheelbarrow
24:36 Heavy Plow
25:17 Hand Cart
29:23 Padded Archer Armor
30:30 Town Watch
33:56 Imperial Age
31:48 Wagenburg Tactics
32:15 Town Patrol
32:36 Leather Archer Armor
35:28 Chemistry
34:49 Ballistics
34:41 Masonry
35:47 Conscription
35:33 Hussite Reforms
34:53 Elite Hussite Wagon
36:00 Siege Engineers
37:31 Sanctity
37:28 Block Printing
37:24 Fervor
37:26 Redemption
37:16 Atonement
37:12 Herbal Medicine
37:53 Theocracy
37:38 Heresy
37:19 Devotion
37:44 Illumination
37:49 Caravan
39:15 Architecture
39:16 Guilds
41:01 Houfnice
43:25 Two-Man Saw
Seodis
12:23 Feudal Age
16:18 Castle Age
14:41 Double-Bit Axe
14:57 Horse Collar
15:34 Gold Mining
15:35 Stone Mining
22:51 Wheelbarrow
22:59 Heavy Plow
24:26 Gold Shaft Mining
24:16 Bow Saw
25:29 Hand Cart
27:08 Pikeman
27:49 Squires
32:40 Imperial Age
29:57 Loom
30:26 Forging
30:18 Scale Mail Armor
30:24 Scale Barding Armor
30:10 Fletching
30:44 Bloodlines
30:35 Husbandry
33:11 Iron Casting
32:39 Arson
33:06 Halberdier
33:19 Cavalier
35:33 Blast Furnace
35:12 Chain Barding Armor
35:20 Paladin
36:33 Chain Mail Armor
39:44 Elite Tarkan
48:29 Spies/Treason
Horahlooks
0:26 Loom
13:40 Feudal Age
18:40 Castle Age
16:23 Horse Collar
16:32 Double-Bit Axe
19:35 Bow Saw
21:00 Wheelbarrow
29:16 Gold Mining
29:18 Stone Mining
29:33 Heavy Plow
30:28 Hand Cart
32:43 Imperial Age
30:00 Town Watch
31:04 Ballistics
30:38 Fletching
31:11 Padded Archer Armor
32:04 Bodkin Arrow
32:25 Leather Archer Armor
34:48 Chemistry
33:55 Bracer
33:59 Scale Mail Armor
34:09 Forging
35:45 Two-Man Saw
35:59 Paper Money
36:43 Crop Rotation
37:23 Ring Archer Armor
36:36 Pikeman
38:04 Elite Rattan Archer
40:59 Chain Mail Armor
40:54 Forging
40:48 Squires
40:34 Arson
41:21 Elite Fire Lancer
43:41 Thumb Ring
44:16 Plate Mail Armor
44:21 Iron Casting
47:17 Sanctity
47:25 Illumination
Connection lost

Rejoining the realm…

Still unreachable

The connection could not be restored.

Session expired

The server has moved on; the page needs a fresh start.